 Dungeon Crawl Stone Soup version 0.28-a0-8-g6e044cfa68 (webtiles) character file.

Game seed: 483339545679231336

210 graki42 the Conjurer (level 5, -1/31 HPs)
             Began as an Octopode Conjurer on July 23, 2021.
             Shot with a bolt by a kobold (4 damage)
             ... on level 4 of the Dungeon.
             The game lasted 00:06:14 (3268 turns).

graki42 the Conjurer (Octopode Conjurer)            Turns: 3268, Time: 00:06:14

Health: -1/31      AC: -3    Str:  7    XL:     5   Next: 87%
Magic:  2/9        EV: 13    Int: 20    God:
Gold:   91         SH:  0    Dex: 11    Spells: 4/10 levels left

rFire   . . .      SeeInvis .   b - +0 dagger
rCold   . . .      Faith    .   (no shield)
rNeg    . . .      Spirit   .   (helmet restricted)
rPois   .          Reflect  .   (no amulet)
rElec   .          Harm     .   (no ring)
rCorr   .          Rampage  .   (no ring)
Will    .....                   (no ring)
Stlth   +++.......              (no ring)
HPRegen 0.10/turn               (no ring)
MPRegen 0.11/turn               (no ring)
                                (no ring)
                                (no ring)

@: corroded
A: almost no armour, amphibious, 8 rings, camouflage 1, gelatinous body 1,
(nimble swimmer 1), tentacles
a: no special abilities


You were on level 4 of the Dungeon.
You visited 1 branch of the dungeon, and saw 4 of its levels.

You collected 91 gold pieces.

Inventory:

Hand Weapons
 b - a +0 dagger (weapon)
Missiles
 d - a throwing net
Jewellery
 h - an amulet of guardian spirit
Scrolls
 a - 4 scrolls of identify {unknown}
 c - a scroll of immolation {unknown}
 f - a scroll of vulnerability {unknown}
 i - a scroll of acquirement {unknown}
 k - a scroll of teleportation {unknown}
Potions
 e - a potion of berserk rage {unknown}
 g - a potion of heal wounds {unknown}
 j - a potion of cancellation {unknown}
 l - a potion of curing {unknown}
 m - a potion of brilliance {unknown}


   Skills:
 + Level 3.2 Dodging
 + Level 4.5 Stealth
 + Level 3.0 Spellcasting
 + Level 4.7 Conjurations
 + Level 1.9 Hexes


You had 4 spell levels left.
You knew the following spells:

 Your Spells              Type           Power      Damage    Failure   Level
a - Magic Dart            Conj           88%        1d7       1%          1
b - Searing Ray           Conj           44%        3d4       3%          2
c - Dazzling Flash        Conj/Hex       32%        N/A       11%         3

Your spell library contained the following spells:

 Spells                   Type           Power      Damage    Failure   Level
 Call Imp                 Summ           3%         N/A       22%         2
 Corpse Rot               Necr/Air       N/A        N/A       22%         2
 Mephitic Cloud           Conj/Pois/Air  9%         N/A       22%         3
 Fulminant Prism          Conj/Hex       8%         3d7       34%         4
 Iskenderun's Mystic Bla  Conj/Tloc      12%        2d5       47%         4
 Dispel Undead            Necr           3%         3d7       80%         4
 Death Channel            Necr           1%         N/A       100%        6


Dungeon Overview and Level Annotations

Branches:
Dungeon (4/15)
 Temple: D:4-7

Altars:

Shops:
D:1 [


Innate Abilities, Weirdness & Mutations

You cannot wear most types of armour.
You are amphibious.
You can wear up to eight rings at the same time.
Your skin changes colour to match your surroundings (Stealth+).
Your rubbery body absorbs attacks. (AC +1, EV +1)
((You are camouflaged near water. (Stealth+)))
You have tentacles for arms and can constrict up to eight enemies at once.


Message History

The searing ray misses the orc.
The searing ray hits the orc but does no damage.
The orc is heavily wounded.
The searing ray hits the endoplasm.
You kill the endoplasm!
The orc closely misses you.
The searing ray hits the orc.
You kill the orc!
You finish channeling your searing ray.
Things that are here:
a +2 flail of draining; a +0 leather armour; an orc corpse Ijyb the Twisted Goblin comes into view.
She is wielding a +0 club and carrying a wand of acid (6).
Casting: Searing Ray (safe; 3% risk of failure)
Confirm with . or Enter, or press ? or * to list all spells.
You can't see any susceptible monsters within range! (Use Z to cast anyway.)
Casting: Searing Ray (safe; 3% risk of failure)
Confirm with . or Enter, or press ? or * to list all spells.
Aiming: Searing Ray (safe; 3% risk of failure)
Press: ? - help, Shift-Dir - straight line, f - Ijyb
Aim: Ijyb, wielding a +0 club, wearing a +0 leather armour and carrying a wand of acid (6) (wandering, hasn't noticed you, 72% to hit)
The searing ray hits Ijyb.
Ijyb is lightly wounded.
Ijyb shouts! (Press . to maintain the ray.)
A kobold comes into view. It is wielding a +0 short sword.
The searing ray hits Ijyb!
Ijyb is heavily wounded.
Ijyb zaps a wand.
The bolt of acid hits you!
Ouch! That really hurt!
The acid corrodes you!
You are splashed with acid!
* * * LOW HITPOINT WARNING * * *
Unknown command.
The searing ray hits Ijyb!
Ijyb is almost dead.
The searing ray hits Ijyb!
You kill Ijyb!
You finish channeling your searing ray.
The kobold unwields a +0 short sword.
The kobold wields a +0 hand crossbow.
The kobold shoots a bolt.
The bolt hits you.
You die...

#.... #...# .# #...# ##.
#...# .. #...# #####.# #
. #...###...#.####.#
..######..>##<..........
.....K...)@.)........$#.#
#..................#.....
#.......................#
##.....#...#.####.##.##.
#..#..#...#.# #.......#
#.....#...#.# .........
#.#.#..?..#.# #.#######.
#. ..........# #. . #.
.#....## #.


You could see a kobold.

Vanquished Creatures
  Menkaure (D:4)
  Ijyb (D:4)
  2 adders
  An adder skeleton (D:3)
  A worm (D:2)
  3 dart slugs
  An orc (D:4)
  7 bats
  6 endoplasms
  2 giant cockroaches (D:1)
  6 goblins
  4 hobgoblins
  7 jackals (D:2)
  6 kobolds
  11 ball pythons
  A frilled lizard (D:3)
  5 rats
65 creatures vanquished.

Notes
Turn   | Place    | Note
-------+----------+-------------------------------------------
     0 | D:1      | graki42 the Octopode Conjurer began the quest for the Orb.
     0 | D:1      | Reached XP level 1. HP: 11/11 MP: 3/3
   402 | D:1      | Reached XP level 2. HP: 17/17 MP: 0/5
   492 | D:1      | Learned a level 2 spell: Searing Ray
   684 | D:1      | Found Wiasheiv's Armour Boutique.
   869 | D:1      | Reached XP level 3. HP: 16/21 MP: 6/6
   873 | D:1      | Learned a level 3 spell: Dazzling Flash
  1380 | D:2      | You fall into a shaft and drop 2 floors!
  1382 | D:4      | Noticed Menkaure
  1388 | D:4      | Killed Menkaure
  1389 | D:4      | Reached skill level 1 in Hexes
  1389 | D:4      | Reached XP level 4. HP: 27/27 MP: 1/8
  1389 | D:4      | Reached XP level 5. HP: 31/31 MP: 1/9
  1684 | D:2      | Found a faded altar of an unknown god.
  3262 | D:4      | Noticed Ijyb
  3268 | D:4      | Killed Ijyb
  3268 | D:4      | Shot with a bolt by a kobold

Illustrated notes

Levels and vault maps discovered:
D:1:      dpeg_arrival_arbitrary_a, layout_loops_ring, serial_shops, shop,
          hangedman_decor_diamond_cutter, hangedman_decor_clover_reticule
D:2:      layout_loops_ring, hellmonk_ecumenical_altar_pennies_from_heaven,
          kennysheep_generic_room_7
D:3:      layout_loops_ring
D:4:      layout_loops_cross, minmay_temple_entry_sparse_star, serial_shops,
          nicolae_shop_statue_plus, nicolae_square_shop, uniq_eustachio,
          uniq_ijyb, uniq_pikel, uniq_menkaure

Skill      XL: |  1  2  3  4  5 |
---------------+----------------+-----
Stealth        | 3 4 |  4.5
Dodging        | 3 |  3.2
Hexes          | 1 |  1.9
Spellcasting   | 3 |  3.0
Conjurations   | |  4.7

Action                   |  1- 3 |  4- 6 || total
-------------------------+-------+-------++-------
Melee: Unarmed           |     9 |       ||     9
       Constrict         |     9 |    15 ||    24
       Dagger            |    18 |    62 ||    80
       Tentacles         |     3 |     9 ||    12
 Cast: Magic Dart        |    20 |     8 ||    28
       Searing Ray       |     2 |     6 ||     8
 Stab: Sleeping          |     8 |    12 ||    20
Armor: Skin              |     1 |     6 ||     7
Dodge: Dodged            |    12 |    27 ||    39

Table legend: (Time is in decaauts)
 A = Elapsed time spent in this place.
 B = Non-inter-level travel time spent in this place.
 C = Inter-level travel time spent in this place.
 D = Time resting spent in this place.
 E = Time spent auto-exploring this place.
 F = Levels seen in this place.
 G = Mean time per level.
                   A        B        C        D        E       F      G
               +--------+--------+--------+--------+--------+-----+--------+
         Total |   3268 |   3165 |    103 |    300 |   2479 |   4 |  817.0 |
       Dungeon |   3268 |   3165 |    103 |    300 |   2479 |   4 |  817.0 |
               +--------+--------+--------+--------+--------+-----+--------+

Top non-repeatable levels by time:
     D:1: 1360 daAuts
     D:3: 967 daAuts
     D:2: 814 daAuts
     D:4: 126 daAuts
